 Dungeon Sprint DCSS version 0.30-a0-715-gdb4ae3ece1 (webtiles) character file.

Game seed: 3638821776033933869

298 rocky1 the Arsonist (level 8, -11/41 HPs)
             Began as a Deep Elf Fire Elementalist on Jan 23, 2023.
             Was a High Priest of Vehumet.
             Mangled by a naga warlord
             ... wielding a +0 long sword
              (32 damage)
             ... in the Dungeon (Sprint VI: "Thunderdome").
             The game lasted 00:06:02 (518 turns).

rocky1 the Arsonist (Deep Elf Fire Elementalist)     Turns: 518, Time: 00:06:02

Health: -11/41     AC:  2    Str:  7    XL:     8   Next: 46%
Magic:  7/25       EV: 10    Int: 26    God:    Vehumet [*****.]
Gold:   375        SH:  0    Dex: 20    Spells: 23/30 levels left

rFire   . . .      SeeInvis .    (no weapon)
rCold   . . .      Faith    .    (no shield)
rNeg    . . .      Spirit   .    a - +0 robe
rPois   .          Reflect  .    (no helmet)
rElec   .          Harm     .    (no cloak)
rCorr   .          Rampage  .    (no gloves)
Will    .....      NoTele   +    (no boots)
Stlth   ++                       l - amulet "Kawofail" {Acrobat Str+2 Int+3 Dex+5}
HPRegen 0.26/turn                (no ring)
MPRegen 0.19/turn                (no ring)

@: lethally poisoned (-11 -> -13), acrobatic, constricted
A: no striking features
a: Renounce Religion


You were in the Dungeon.
You worshipped Vehumet.
Vehumet was extremely pleased with you.
You visited 1 branch You collected 600 gold pieces.
You spent 225 gold pieces at shops.

Inventory:

Armour
 a - a +0 robe (worn)
Jewellery
 j - the ring "Quihag" {AC+4 Int-5 Dex+7}
   (You bought it in a shop in the Dungeon)

   [ring of protection]

   AC:        It affects your AC (+4).
   Int:       It affects your intelligence (-5).
   Dex:       It affects your dexterity (+7).
 l - the amulet "Kawofail" (around neck) {Acrobat Str+2 Int+3 Dex+5}
   (You bought it in a shop in the Dungeon)

   [amulet of the acrobat]

   It increases your evasion while moving and waiting.
   Str:       It affects your strength (+2).
   Int:       It affects your intelligence (+3).
   Dex:       It affects your dexterity (+5).
 m - the ring "Netzaari" {Ice Str+6 Stlth-}
   (You bought it in a shop in the Dungeon)

   [ring of ice]

   It enhances your ice magic.
   Str:       It affects your strength (+6).
   rF:        It makes you vulnerable to fire.
   rC:        It protects you from cold.
   Stlth:     It makes you less stealthy.
 n - the amulet "Qegaill" {Faith Drain Str+5 Int+3}
   (You bought it in a shop in the Dungeon)

   [amulet of faith]

   It allows you to gain divine favour quickly.
   Str:       It affects your strength (+5).
   Int:       It affects your intelligence (+3).
   Drain:     It drains your maximum health when unequipped.
 o - the amulet of the Salamander {Spirit Will+}
   (You bought it in a shop in the Dungeon)

   [amulet of guardian spirit]

   It causes incoming damage to be divided between your reserves of health and
   magic.
   Will:      It increases your willpower.
Wands
 i - a wand of light (3)
Scrolls
 g - 4 scrolls of blinking
 k - 3 scrolls of fog
Potions
 b - 3 potions of magic
 c - a potion of curing
 d - 3 potions of heal wounds
 e - 4 potions of haste
 f - a potion of berserk rage
 h - a potion of resistance


   Skills:
 - Level 2.4 Dodging
 - Level 2.4 Stealth
 + Level 11.5 Spellcasting
 * Level 13.1 Conjurations
 * Level 13.4 Fire Magic


You had 23 spell levels left.
You knew the following spells:

 Your Spells              Type           Power      Damage    Failure   Level
a - Foxfire               Conj/Fire      100%       2x1d9     0%          1
b - Scorch                Fire           100%       2d10      1%          2
c - Flame Wave            Conj/Fire      71%        2d16      1%          4

Your spell library contained the following spells:

 Spells                   Type           Power      Damage    Failure   Level
 Mephitic Cloud           Conj/Pois/Air  37%        N/A       1%          3
 Inner Flame              Hex/Fire       49%        N/A       1%          3
 Kindle Blastsparks       Fire/Tloc/Air  76%        2d16      1%          3


Dungeon Overview and Level Annotations

Branches:
Dungeon (1/1)

Altars:
Cheibriados
Dithmenos
Fedhas
Gozag
Kikubaaqudgha
Makhleb
Okawaru
Qazlal
Ru
Sif Muna
Trog
Uskayaw
Vehumet
Wu Jian
Xom
Yredelemnul
Zin
The Shining One
Lugonu

Shops:
D *[??*?*:[((!!!!


Message History

Flames lash the naga warlord.
The naga warlord shouts!
The naga warlord is lightly wounded.
The naga warlord's fire resistance burns away.
The naga warlord spits poison at you. The splash of poison hits you!
You are poisoned.
Casting: Scorch (safe; 1% risk of failure)
Press: ? - help, Q - select action, (/) - cycle Dir - look around, f - activate Flames lash the naga warlord.
The naga warlord is burned terribly!
The naga warlord is lightly wounded.
You feel sick.
Casting: Scorch (safe; 1% risk of failure)
Press: ? - help, Q - select action, (/) - cycle Dir - look around, f - activate Flames lash the naga warlord.
The naga warlord is burned terribly!
The naga warlord is moderately wounded.
You feel sick.
Casting: Scorch (safe; 1% risk of failure)
Press: ? - help, Q - select action, (/) - cycle Dir - look around, f - activate Flames lash the naga warlord but do no damage.
You feel sick.
Casting: Scorch (safe; 1% risk of failure)
Confirm with . or Enter, or press ? or * to list all spells.
Casting: Flame Wave (safe; 1% risk of failure)
Press: ? - help, Dir - look around, f - activate A wave of flame ripples out!
The flame wave engulfs the naga warlord!!
The naga warlord is burned terribly!
The naga warlord is heavily wounded. (Press . to intensify the flame waves.)
You feel sick. The naga warlord misses you. The naga warlord grabs you.
The naga warlord constricts you.
A wave of flame ripples out!
The flame wave engulfs the naga warlord.
The naga warlord is burned terribly!
The naga warlord is heavily wounded.
You feel sick.
The naga warlord hits you with a +0 long sword!!
Ouch! That really hurt!
You die...

#.....# ##.....## ##∩.....∩##
#∩.......∩# #_......._#
#_......._# #........_#
###.N.......###
#⌠.†@........⌠#
######.8†........8.######
##._._.....†###......___∩##
###∩........8.# #.8........∩#
#N............###............
#⌠......[...###...###.........
#⌠..........# #.<.# #.........
#⌠....N..)[.###...###.........
##.............###............


You could see a naga warlord (combustible) and a salamander.

Vanquished Creatures
  A cane toad (D)
  A polar bear (D)
  A yak (D)
  Sigmund (D)
  A basilisk (D)
  A water moccasin (D)
  A necrophage (D)
  4 scorpions (D)
  A wight (D)
  A killer bee (D)
  Terence (D)
  3 river rats (D)
  A ball python (D)
  A bat skeleton (D)
  A giant cockroach (D)
  2 ball python zombies (D)
  A giant cockroach zombie (D)
  A kobold (D)
24 creatures vanquished.

Vanquished Creatures (others)
  41 foxfires (D)
41 creatures vanquished.

Grand Total: 65 creatures vanquished

Notes
Turn   | Place    | Note
-------+----------+-------------------------------------------
     0 | D        | rocky1 the Deep Elf Fire Elementalist began the quest for
                  | the Orb.
     0 | D        | Reached XP level 1. HP: 10/10 MP: 6/6
     1 | D        | Found a glowing golden altar of the Shining One.
     1 | D        | Found a corrupted altar of Lugonu.
     5 | D        | Round 1.
     6 | D        | Found a hide-covered altar of Uskayaw.
     6 | D        | Found an iron altar of Okawaru.
     7 | D        | Found a radiant altar of Vehumet.
     7 | D        | Found a sacrificial altar of Ru.
     8 | D        | Found a basalt altar of Yredelemnul.
     8 | D        | Found a shimmering altar of Xom.
     9 | D        | Found Rytheff's Distillery.
     9 | D        | Found a snail-covered altar of Cheibriados.
     9 | D        | Found Osabb's Do-It-Yourself Clinic.
    10 | D        | Found Ymoani Cure's Distillery.
    10 | D        | Found Duubap's Bottled Wisdom.
    15 | D        | Became a worshipper of Vehumet
    19 | D        | Found a blossoming altar of Fedhas.
    19 | D        | Found Wak Qona's Staff Store.
    21 | D        | Found a shadowy altar of Dithmenos.
    21 | D        | Found Etwear's Magic Scroll Shop.
    22 | D        | Found Riytzu's Must-Have Magic.
    22 | D        | Found Waliv's Magic Scroll Shop.
    28 | D        | Found a shimmering blue altar of Sif Muna.
    30 | D        | Found a glowing silver altar of Zin.
    33 | D        | Found Vorov's Jewellery.
    33 | D        | Found Tokkitt's Advanced Armour.
    35 | D        | Found a burning altar of Makhleb.
    35 | D        | Found an opulent altar of Gozag.
    35 | D        | Found Asolled's Identification Station.
    35 | D        | Noticed Sigmund
    38 | D        | Killed Sigmund
    39 | D        | Reached XP level 2. HP: 15/15 MP: 5/11
    39 | D        | Reached XP level 3. HP: 19/19 MP: 5/13
    39 | D        | Reached XP level 4. HP: 24/24 MP: 5/14
    39 | D        | Reached XP level 5. HP: 28/28 MP: 5/16
    43 | D        | Noticed Terence
    48 | D        | Reached * piety under Vehumet
    48 | D        | Offered knowledge of Sandblast by Vehumet.
    56 | D        | Killed Terence
    56 | D        | Arena points: 12 (+12) [x2]
   115 | D        | Round 2.
   117 | D        | Noticed a water moccasin
   120 | D        | Reached ** piety under Vehumet
   122 | D        | Reached XP level 6. HP: 32/32 MP: 11/19
   122 | D        | Killed a water moccasin
   123 | D        | Reached skill level 10 in Conjurations
   123 | D        | Reached skill level 10 in Fire Magic
   126 | D        | Reached *** piety under Vehumet
   126 | D        | Arena points: 54 (+42) [x3]
   127 | D        | Reached XP level 7. HP: 34/36 MP: 12/21
   160 | D        | Bought a bound tin ring for 45 gold pieces
   160 | D        | Identified the ring "Quihag" {AC+4 Int-5 Dex+7} (You bought
                  | it in a shop in the Dungeon)
   160 | D        | Bought a heavily runed brass amulet for 45 gold pieces
   160 | D        | Identified the amulet "Kawofail" {Acrobat Str+2 Int+3
                  | Dex+5} (You bought it in a shop in the Dungeon)
   160 | D        | Bought a bound pewter ring for 45 gold pieces
   160 | D        | Identified the ring "Netzaari" {Ice Str+6 Stlth-} (You
                  | bought it in a shop in the Dungeon)
   160 | D        | Bought a glittering ruby amulet for 45 gold pieces
   160 | D        | Identified the amulet "Qegaill" {Faith Drain Str+5 Int+3}
                  | (You bought it in a shop in the Dungeon)
   160 | D        | Bought a smoking sapphire amulet for 45 gold pieces
   160 | D        | Identified the amulet of the Salamander {Spirit Will+} (You
                  | bought it in a shop in the Dungeon)
   189 | D        | Round 3.
   192 | D        | Found a bloodstained altar of Trog.
   193 | D        | Found an ornate altar of the Wu Jian Council.
   194 | D        | Found Masoforo's Weapon Rack.
   196 | D        | Found Hynuth's Basic Armour.
   196 | D        | Found Inerujac's Miscellaneous Merchandise.
   198 | D        | Found a stormy altar of Qazlal.
   198 | D        | Found an ancient bone altar of Kikubaaqudgha.
   198 | D        | Found Duomi's Premium Goods.
   219 | D        | Offered knowledge of Searing Ray by Vehumet.
   223 | D        | Learned a level 2 spell: Scorch
   237 | D        | Learned a level 4 spell: Flame Wave
   251 | D        | Reached **** piety under Vehumet
   301 | D        | Arena points: 138 (+84) [x4]
   343 | D        | Round 4.
   344 | D        | Noticed a basilisk
   347 | D        | Killed a basilisk
   347 | D        | Reached ***** piety under Vehumet
   348 | D        | Reached skill level 10 in Spellcasting
   385 | D        | Noticed a cane toad
   387 | D        | Noticed a polar bear
   390 | D        | Killed a cane toad
   390 | D        | Offered knowledge of Mephitic Cloud by Vehumet.
   391 | D        | Reached XP level 8. HP: 41/41 MP: 13/24
   396 | D        | Killed a polar bear
   438 | D        | Arena points: 298 (+160) [x5]
   502 | D        | Round 5.
   504 | D        | Noticed a salamander
   509 | D        | Noticed a naga warlord
   518 | D        | Mangled by a naga warlord

Illustrated notes

Levels and vault maps discovered:
D:        arena_sprint

Skill      XL: |  1  2  3  4  5  6  7  8 |
---------------+-------------------------+-----
Spellcasting   | 6 8 9 10 11 | 11.5
Conjurations   | 6 9 10 12 13 | 13.1
Fire Magic     | 7 9 11 12 13 | 13.4
Dodging        | |  2.4
Stealth        | |  2.4

Action                     |  1- 3 |  4- 6 |  7- 9 || total
---------------------------+-------+-------+-------++-------
   Cast: Foxfire           |     1 |    13 |     8 ||    22
         Scorch            |       |       |    25 ||    25
         Flame Wave        |       |       |     3 ||     3
  Evoke: Wand              |     1 |     6 |       ||     7
    Use: Potion            |       |     1 |       ||     1
 Armour: Robe              |       |     1 |     1 ||     2
  Dodge: Dodged            |       |     6 |     7 ||    13

Table legend: (Time is in decaauts)
 A = Elapsed time spent in this place.
 B = Non-inter-level travel time spent in this place.
 C = Inter-level travel time spent in this place.
 D = Time resting spent in this place.
 E = Time spent auto-exploring this place.
 F = Levels seen in this place.
 G = Mean time per level.
                   A        B        C        D        E       F      G
               +--------+--------+--------+--------+--------+-----+--------+
         Total |    518 |    518 |      0 |    152 |      0 |   1 |  518.0 |
       Dungeon |    518 |    518 |      0 |    152 |      0 |   1 |  518.0 |
               +--------+--------+--------+--------+--------+-----+--------+

Top non-repeatable levels by time:
       D: 518 daAuts
